Map: Odyssey LE

Players

Marcell - Winner!

  • Race: Zerg Zerg
  • Spawn Location: 5:00

SamuraiFunn

  • Race: Protoss Protoss
  • League: Platinum
  • Spawn Location: 11:00

VOD

Have the link to the VOD?

Description

Time

  • Played on: Nov. 25, 2017, 3:52 p.m.
  • Length: 13:25
Show
View Real Time Build Order
Export as new Build Order

Marcell Zerg - Winner!

Build Orders: Hatch First, Lurkers 

Get SALT Encoding   

  12  0:08  Overlord  
  12  0:29  Drone x3  
  15  0:36  Extractor  
  14  0:52  Hatchery  
  13  1:08  Spawning Pool  
  12  1:12  Drone  
  13  1:19  Drone  
  13  1:21  Drone  
  15  1:28  Drone  
  16  1:51  Drone x2  
  18  2:01  Zergling x2  
  19  2:10  Overlord  
  19  2:17  Queen  
  19  2:18  Queen  
  23  2:23  Drone x3  
  26  2:35  Drone  
  27  2:39  Drone x3  
  30  2:44  Extractor  
  30  2:47  Drone  
  30  2:54  Metabolic Boost  
  30  2:59  Lair  
  30  3:21  Drone x3  
  33  3:49  Drone x2  
  33  3:50  Drone  
  36  3:58  Overlord x2  
  36  3:59  Overlord  
  36  4:20  Hatchery  
  35  4:26  Drone x3  
  35  4:27  Drone  
  39  4:35  Hydralisk Den  
  39  4:38  Drone x2  
  40  4:41  Drone x2  
  42  4:53  Drone  
  42  4:54  Drone  
  44  5:06  Drone x2, Evolution Chamber  
  45  5:13  Extractor  
  44  5:16  Extractor  
  43  5:27  Hydralisk x4  
  51  5:35  Overseer  
  51  5:51  Hydralisk x3  
  51  5:53  Overlord x3  
  51  5:54  Overlord  
  57  5:58  Zerg Melee Weapons Level 1  
  57  6:14  Lurker Den  
  56  6:21  Hydralisk x3  
  56  6:22  Hydralisk x4  
  56  6:23  Hydralisk x2  
  56  6:24  Zergling x8  
  78  6:30  Drone x3  
  81  6:33  Drone  
  82  6:52  Hydralisk x3  
  82  6:53  Hydralisk  
  90  6:55  Overlord x3  
  90  7:03  Extractor  
  90  7:04  Drone  
  90  7:07  Overlord x3  
  90  7:08  Overlord  
  90  7:11  Muscular Augments  
  84  8:17  Lurker x5  
  89  8:21  Hydralisk x5  
  89  8:22  Hydralisk x5, Zergling x8  
  89  8:23  Zergling x8  
  89  8:27  Zerg Melee Weapons Level 2  
  117  8:44  Drone x5  
  117  8:45  Drone x3  
  125  8:56  Drone x6  
  131  9:06  Hydralisk x2, Drone x2  
  131  9:07  Hydralisk, Drone  
  140  9:20  Pneumatized Carapace  
  125  10:06  Hydralisk x4  
  125  10:07  Zergling x12  
  126  10:09  Overlord x5  
  116  10:47  Hatchery  
  113  11:17  Hatchery  
  112  12:01  Hatchery  
Show
View Real Time Build Order
Export as new Build Order

SamuraiFunn Protoss 

Build Orders: 1 Gate Expand 

Get SALT Encoding   

  12  0:01  Probe  
  13  0:13  Probe  
  14  0:20  Pylon  
  14  0:32  Probe, Pylon  
  15  0:50  Probe  
  15  0:51  Gateway  
  16  1:03  Probe (Chrono Boost)  
  18  1:15  Probe (Chrono Boost)  
  18  1:23  Probe, Nexus  
  19  1:39  Assimilator  
  19  1:45  Probe  
  20  1:50  Cybernetics Core  
  20  1:52  Zealot  
  22  1:57  Probe  
  23  2:10  Assimilator  
  23  2:13  Pylon  
  23  2:31  Probe, Adept  
  26  2:37  Probe  
  26  2:43  Probe  
  28  2:49  Pylon  
  28  2:50  Probe  
  29  2:55  Probe  
  30  2:59  Gateway  
  30  3:02  Probe  
  31  3:10  Probe  
  32  3:18  Probe  
  33  3:22  Probe  
  34  3:30  Probe  
  35  3:36  Stalker  
  35  3:40  Probe  
  38  3:42  Probe  
  38  3:48  Gateway  
  39  3:52  Assimilator  
  39  3:53  Pylon  
  39  3:54  Warp Gate (Chrono Boost)  
  40  4:02  Probe  
  40  4:03  Probe  
  41  4:11  Pylon  
  41  4:15  Probe x2  
  41  4:16  Robotics Facility  
  43  4:25  Stalker x2  
  43  4:30  Probe x2  
  49  4:37  Stalker  
  51  4:46  Pylon  
  51  4:52  Gateway, Probe x2  
  53  4:55  Stalker x2  
  57  5:05  Probe x2  
  59  5:07  Zealot  
  61  5:16  Observer  
  61  5:17  Pylon  
  62  5:25  Zealot x2  
  66  5:30  Probe x2  
  68  5:36  Assimilator  
  68  5:37  Warp Prism  
  68  5:42  Probe x2  
  72  5:53  Twilight Council  
  72  5:57  Gateway  
  72  6:00  Gateway  
  72  6:13  Probe, Observer  
  72  6:15  Probe  
  72  6:18  Stalker x3  
  77  6:19  Stalker  
  83  6:34  Warp Prism  
  83  6:35  Probe  
  86  6:41  Probe  
  86  6:47  Nexus  
  86  6:48  Pylon  
  86  6:51  Pylon  
  86  7:00  Pylon  
  86  7:03  Assimilator  
  86  7:05  Assimilator  
  86  7:06  Probe x2, Blink (Chrono Boost)  
  88  7:20  Stalker x4  
  96  7:24  Forge  
  96  7:26  Forge  
  96  7:30  Gateway  
  96  7:31  Stalker  
  96  7:32  Gateway, Stalker  
  96  7:34  Gateway  
  96  7:36  Probe x2  
  102  7:48  Probe  
  102  7:49  Probe  
  104  7:54  Zealot x3  
  99  8:21  Stalker  
  99  8:22  Stalker x4  
  99  8:24  Probe  
  99  8:25  Sentry  
  113  8:41  Probe x3  
  113  8:45  Templar Archives  
  115  8:50  Charge (Chrono Boost)  
  115  8:53  Probe, Stalker x4  
  124  9:08  Pylon x2  
  124  9:09  Pylon x2  
  124  9:22  Psionic Storm  
  124  9:30  High Templar x4  
  124  9:31  High Templar, Nexus  
  134  9:32  Zealot  
  134  9:33  Pylon, Zealot x3  
  134  9:35  Pylon  
  142  9:39  Assimilator  
  73  11:32  Nexus  
Tags
 
Composition
Lurkers
League
Platinum
Matchup
PvZ
Replay Pack
First 100 games
Spawn Locations
Cross Positions
Add a new tag
Caveats
  • Supply blocks, unpowered buildings, or Contaminate may cause inaccurate times.
  • Supply counts are checked every 10 seconds.